 Dungeon Crawl Stone Soup version 0.25-a0-283-ge7e91ba8d0 (webtiles) character file.

Game seed: 4673126637176552726, levelgen mode: deterministic

1393 DerDa the Thaumaturge (level 8, 0/43 HPs)
             Began as a Deep Elf Fire Elementalist on Dec 10, 2019.
             Slain by Duvessa
             ... wielding a +4 short sword of electrocution
              (1 damage)
             ... on level 6 of the Dungeon on Dec 11, 2019.
             The game lasted 00:23:43 (5165 turns).

DerDa the Thaumaturge (Deep Elf Fire Elementalist)  Turns: 5165, Time: 00:23:44

Health: 0/43       AC:  8    Str:  5    XL:     8   Next: 41%
Magic:  14/22      EV: 14    Int: 23    God:
Gold:   281        SH:  0    Dex: 15    Spells: 10/23 levels left

rFire    . . .     SeeInvis .   z - staff of energy
rCold    . . .     Gourm    .   (no shield)
rNeg     . . .     Faith    +   a - +0 robe
rPois    .         Spirit   .   (no helmet)
rElec    .         Reflect  .   (no cloak)
rCorr    .         Harm     .   (no gloves)
MR       +....                  (no boots)
Stlth    ++........             d - amulet of faith
HPRegen  0.14/turn              x - ring of protection from magic
MPRegen  0.18/turn              t - +6 ring of protection

@: very slightly contaminated
A: no striking features
a: no special abilities


You were on level 6 of the Dungeon.
You were not hungry.

You visited 1 branch of the dungeon, and saw 6 of its levels.
You also visited: Ossuary.

You collected 281 gold pieces.

Inventory:

Hand Weapons
 e - a +0 falchion
 g - a +0 short sword
 B - a +1 spear of flaming
 D - a +2 flail of holy wrath
Missiles
 f - 148 arrows
 l - 19 bolts
Armour
 a - a +0 robe (worn)
 E - a +0 helmet
Magical Staves
 z - an uncursed staff of energy (weapon)
Jewellery
 d - an amulet of faith (around neck)
 i - an uncursed ring of resist corrosion
 t - a +6 ring of protection (right hand)
 x - a ring of protection from magic (left hand)
Wands
 C - a wand of paralysis (10)
 F - a wand of digging (4)
Scrolls
 b - 4 scrolls of teleportation
 h - 2 scrolls of immolation
 j - a scroll of blinking
 m - 3 scrolls of remove curse
 n - a scroll of amnesia
 u - 2 scrolls of magic mapping
 v - 3 scrolls of identify
 y - a scroll of enchant weapon {unknown}
Potions
 k - 2 potions of degeneration {unknown}
 o - a potion of haste {unknown}
 p - 3 potions of curing {unknown}
 q - a potion of magic {unknown}
 r - 2 potions of lignification
 s - a potion of brilliance {unknown}
 w - a potion of mutation {unknown}
 A - a potion of cancellation {unknown}
Comestibles
 c - 5 rations
 G - a chunk of flesh


   Skills:
 - Level 1.0 Fighting
 - Level 0.1(1.5) Short Blades
 - Level 2.3(2.4) Long Blades
 + Level 3.4 Dodging
 - Level 2.4 Stealth
 * Level 8.1 Spellcasting
 * Level 5.3 Conjurations
 * Level 7.1 Fire Magic


You had 10 spell levels left.
You knew the following spells:

 Your Spells              Type           Power        Failure   Level  Hunger
a - Foxfire               Conj/Fire      ####         1%          1    None
b - Conjure Flame         Conj/Fire      #####...     1%          3    None
c - Sticky Flame          Conj/Fire      #####...     5%          4    None
d - Fireball              Conj/Fire      #####.....   14%         5    None

Your spell library contained the following spells:

 Spells                   Type           Power        Failure   Level  Hunger
 Inner Flame              Hex/Fire       ####....     4%          3    None
 Irradiate                Conj/Tmut      ###.......   54%         5    None
 Hydra Form               Tmut           #.........   100%        6    None
 Statue Form              Tmut/Erth      #........    100%        6    None
 Dragon Form              Tmut           #.........   100%        7    None


Dungeon Overview and Level Annotations

Branches:
Dungeon (6/15)            Ossuary (visited)
 Temple: D:4-7

Altars:
Yredelemnul
The Shining One

Annotations:
D:6 Dowan, Duvessa


Message History

Casting: Sticky Flame (safe; 5% risk of failure)
Confirm with . or Enter, or press ? or * to list all spells.
Aiming: Sticky Flame (safe; 5% risk of failure)
Press: ? - help, Shift-Dir - straight line, f/p - Duvessa
Aim: Duvessa, wielding a +4 short sword of electrocution and wearing a +0 leather armour (fast)
The sticky flame hits Duvessa.
Duvessa is lightly wounded.
Duvessa is covered in liquid flames!
Duvessa burns!
Duvessa hits you with a +4 short sword of electrocution!
You are electrocuted!
* * * LOW HITPOINT WARNING * * *
The bullfrog zombie hits you but does no damage.
Duvessa burns!
Duvessa hits you with a +4 short sword of electrocution.
* * * LOW HITPOINT WARNING * * *
Okay, then.
Duvessa burns!
Duvessa burns!
Duvessa hits you with a +4 short sword of electrocution.
You die...

........ ###
'#########.#.......#
....#......#.......#
....'......#.......#
....#......# ......#
....#......# .....+
...###...### ....#####
#+####...#######........
.........'....#@.......
.........#....#eZ......
.........#....+........
#..#######..###o.......
#.. ##.##'##.....###+#
+. +......#.....#
#......#.....#
#......#...o.#
#......#e....#


You could see Duvessa (burning), 2 orcs and a bullfrog zombie.

Vanquished Creatures
  Sigmund (D:3)
  Edmund (D:5)
  4 ogres
  A centaur (D:5)
  A crimson imp (D:5)
  3 howler monkeys
  A bullfrog zombie (D:5)
  An orc priest (D:4)
  Terence (D:3)
  2 orc wizards (D:4)
  2 worker ants
  13 mummies
  6 adders
  3 gnolls (D:5)
  2 oozes
  An adder zombie (D:5)
  2 worms
  5 dart slugs
  5 leopard geckos
  5 orcs
  5 giant cockroaches
  4 hobgoblins
  3 jackals (D:3)
  6 kobolds
  A ball python (D:5)
  6 bats
  3 frilled lizards (D:1)
  A gnoll skeleton (Ossuary)
  8 goblins
  2 goblin skeletons (Ossuary)
  A jackal skeleton (D:5)
  3 kobold skeletons (Ossuary)
  2 orc skeletons (Ossuary)
  A quokka skeleton (D:6)
  8 rats
  11 rat skeletons (Ossuary)
125 creatures vanquished.

Vanquished Creatures (others)
  254 foxfires
254 creatures vanquished.

Grand Total: 379 creatures vanquished

Notes
Turn   | Place    | Note
-------+----------+-------------------------------------------
     0 | D:1      | DerDa the Deep Elf Fire Elementalist began the quest for
                  | the Orb.
     0 | D:1      | Reached XP level 1. HP: 10/10 MP: 6/6
   201 | D:1      | Reached XP level 2. HP: 12/15 MP: 2/8
   583 | D:1      | Reached XP level 3. HP: 19/19 MP: 8/10
   938 | D:2      | Found a basalt altar of Yredelemnul.
   999 | D:2      | Reached skill level 4 in Spellcasting
  1111 | D:2      | Learned a level 3 spell: Conjure Flame
  1133 | D:3      | Noticed Terence
  1218 | D:3      | Killed Terence
  1218 | D:3      | Reached XP level 4. HP: 8/24 MP: 0/12
  1499 | D:3      | Noticed Sigmund
  1506 | D:3      | Learned a level 4 spell: Sticky Flame
  1743 | D:3      | Reached skill level 5 in Fire Magic
  1743 | D:3      | Reached XP level 5. HP: 28/28 MP: 4/13
  2225 | D:3      | Found a glowing golden altar of the Shining One.
  2487 | D:3      | Killed Sigmund
  2487 | D:3      | Reached skill level 1 in Long Blades
  2487 | D:3      | Reached skill level 5 in Spellcasting
  2487 | D:3      | Reached XP level 6. HP: 21/33 MP: 1/15
  2652 | D:4      | Found a sand-covered staircase.
  2682 | Ossuary  | Entered an ossuary
  3118 | Ossuary  | Reached XP level 7. HP: 33/37 MP: 3/17
  3461 | D:4      | Reached skill level 6 in Spellcasting
  4179 | D:5      | Entered Level 5 of the Dungeon
  4217 | D:5      | Noticed Edmund
  4219 | D:5      | Reached skill level 1 in Fighting
  4231 | D:5      | Killed Edmund
  4231 | D:5      | Reached skill level 7 in Spellcasting
  4231 | D:5      | Reached XP level 8. HP: 43/43 MP: 0/20
  4525 | D:5      | Learned a level 5 spell: Fireball
  4568 | D:5      | Reached skill level 5 in Conjurations
  4770 | D:5      | Reached skill level 8 in Spellcasting
  5145 | D:6      | Noticed Dowan
  5146 | D:6      | Noticed Duvessa
  5162 | D:6      | HP: 2/43 [Duvessa/+4 short sword of electrocution (16)]
  5165 | D:6      | Slain by Duvessa

Levels and vault maps discovered:
D:1:      minmay_arrival_widening_spiral_wide, layout_loops_cross,
          minmay_pentomino_q2
D:2:      layout_rooms, yredelemnul_altar_generic
D:3:      layout_loops_ring, nicolae_tso_swordbearing_angel, uniq_terence,
          uniq_sigmund
D:4:      layout_cave_pools, gup_ossuary_entry_pyramid, minivault_5
D:5:      layout_layer_cave, first_ration, uniq_edmund
D:6:      layout_gridville, uniq_duvessa

Skill      XL: |  1  2  3  4  5  6  7  8 |
---------------+-------------------------+-----
Fire Magic     | 4 5 6 7 |  7.1
Spellcasting   | 4 5 7 8 |  8.1
Conjurations   | 2 3 4 5 |  5.3
Long Blades    | 1 2 |  2.3
Dodging        | 3 |  3.4
Fighting       | 1 |  1.0
Short Blades   | |  0.1
Stealth        | |  2.4

Action                   |  1- 3 |  4- 6 |  7- 9 || total
-------------------------+-------+-------+-------++-------
Melee: Short sword       |    12 |       |       ||    12
       Falchion          |       |   102 |    11 ||   113
       Flail             |       |       |     3 ||     3
       Staff             |       |       |     2 ||     2
 Cast: Foxfire           |    63 |    21 |    66 ||   150
       Sticky Flame      |       |    18 |    13 ||    31
       Conjure Flame     |       |     1 |     1 ||     2
  Use: Potion            |     1 |       |       ||     1
       Scroll            |       |     5 |     3 ||     8
 Stab: Sleeping          |       |     2 |       ||     2
  Eat: Chunk             |       |     6 |     4 ||    10
       Ration            |       |     1 |     1 ||     2
Armor: Robe              |     6 |    34 |    11 ||    51
       Skin              |     2 |       |       ||     2
Dodge: Dodged            |    23 |    74 |    21 ||   118
       Rpst.: Falchion   |       |    26 |     3 ||    29

Table legend:
 A = Non-vault XP
 B = Vault XP
 C = Vault XP percentage of total XP
 D = Non-vault monster count
 E = Vault monster count
 F = Vault count percentage of total count
                 A         B        C        D         E       F
            +---------+---------+-------+---------+---------+-------
      Total |    1296 |     695 |  34.9 |      88 |      36 |  29.0
            +---------+---------+-------+---------+---------+-------
        D:1 |      37 |       4 |   9.8 |      22 |       2 |   8.3
        D:2 |      51 |       0 |   0.0 |      13 |       0 |   0.0
        D:3 |     130 |     258 |  66.5 |      22 |       2 |   8.3
        D:4 |     293 |      18 |   5.8 |      11 |       1 |   8.3
        D:5 |     688 |     181 |  20.8 |      15 |       1 |   6.2
        D:6 |      97 |       0 |   0.0 |       5 |       0 |   0.0
    Ossuary |       0 |     234 | 100.0 |       0 |      30 | 100.0
            +---------+---------+-------+---------+---------+-------
